 Dungeon Crawl Stone Soup version 0.27.1-4-g1640c2035a (webtiles) character file.

Game seed: 13160315590417705665

2 Stomo444 the Grave Robber (level 1, -1/9 HPs)
             Began as a Vine Stalker Necromancer on Nov 11, 2021.
             Slain by a quokka (2 damage)
             ... on level 1 of the Dungeon.
             The game lasted 00:00:30 (217 turns).

Stomo444 the Grave Robber (Vine Stalker Necromancer) Turns: 217, Time: 00:00:31

Health: -1/9       AC:  2    Str: 10    XL:     1   Next: 30%
Magic:  0/4        EV: 12    Int: 15    God:
Gold:   12         SH:  0    Dex: 14    Spells: 3/4 levels left

rFire    . . .     SeeInvis .   (no weapon)
rCold    . . .     Faith    .   (no shield)
rNeg     . . .     Spirit   +   a - +0 robe
rPois    .         Reflect  .   (no helmet)
rElec    .         Harm     .   (no cloak)
rCorr    .         Rampage  .   (no gloves)
Will     .....                  (no boots)
Stlth    ++........             (no amulet)
HPRegen  0.03/turn              (no ring)
MPRegen  0.09/turn              (no ring)

@: no status effects
A: fangs 2, magic shield, antimagic bite, no potion heal 2
a: no special abilities


You were on level 1 of the Dungeon.
You visited 1 branch of the dungeon, and saw 1 of its levels.

You collected 12 gold pieces.

Inventory:

Armour
 a - a +0 robe (worn)
Scrolls
 b - a scroll of teleportation {unknown}


   Skills:
 + Level 0.2 Fighting
 + Level 1.6 Dodging
 - Level 2.4 Stealth
 - Level 2.1 Spellcasting
 - Level 4.0 Necromancy


You had 3 spell levels left.
You knew the following spells:

 Your Spells              Type           Power      Damage    Failure   Level
a - Pain                  Necr           52%        1d6       4%          1

Your spell library contained the following spells:

 Spells                   Type           Power      Damage    Failure   Level
 Animate Skeleton         Necr           26%        N/A       4%          1
 Vampiric Draining        Necr           6%         2d6       13%         3
 Animate Dead             Necr           6%         N/A       38%         4
 Agony                    Necr           13%        N/A       75%         5


Dungeon Overview and Level Annotations

Branches:
Dungeon (1/15)

Altars:


Innate Abilities, Weirdness & Mutations

You have extremely sharp teeth.
When hurt, damage is shared between your health and your magic reserves.
Your bite disrupts and absorbs the magic of your enemies.
Potions cannot restore your health.


Message History

You hit the quokka but do no damage. The quokka barely misses you.
The quokka closely misses you.
You hit the quokka but do no damage. The quokka bites you.
You closely miss the quokka. Your bite misses the quokka.
The quokka closely misses you.
Your magical contamination has completely faded away.
You hit the quokka but do no damage. The quokka barely misses you.
The quokka barely misses you.
You barely miss the quokka. The quokka closely misses you.
You closely miss the quokka. Your bite misses the quokka.
The quokka barely misses you.
The quokka bites you but does no damage.
The endoplasm jiggles.
You miss the quokka. Your bite misses the quokka. The quokka barely misses you.
The quokka bites you.
You hit the quokka but do no damage. The quokka bites you.
* * * LOW HITPOINT WARNING * * *
Unknown command.
Casting: Pain (safe; 4% risk of failure)
Confirm with . or Enter, or press ? or * to list all spells.
You don't have enough magic to cast this spell.
Unknown command.
The quokka closely misses you.
The quokka twitches its whiskers.
You hit the quokka but do no damage. Your bite misses the quokka.
The quokka barely misses you.
You closely miss the quokka. You bite the quokka. You drain its power.
You feel invigorated.
The quokka is lightly wounded.
The quokka barely misses you. The quokka bites you.
You closely miss the quokka.
The quokka is lightly wounded.
The quokka misses you.
Casting: Pain (safe; 4% risk of failure)
Confirm with . or Enter, or press ? or * to list all spells.
Aiming: Pain (safe; 4% risk of failure)
Press: ? - help, Shift-Dir - straight line, f - quokka
Aim: a quokka (lightly wounded, chance to affect: 83%)
The quokka writhes in agony.
The quokka bites you.
You die...

......#...#........#....#
#....
#.....#...#...†.#...##..#
#.####
.##....#.#....##...#.#.^# #.#
..|##.......##.....##.......#
.....#.....#.......#.#.##.###
........<...........##.# .#
.....#.....#............ .
...##.......##......##### #
.##....#.#....##@...#
#.....#...#....r#...#
......#...#....J....#
.....#.....#........#
.....#.....#......###
....#.......#.....#
†.................#
..................#
....###########.#..


You could see an endoplasm and a quokka.

Vanquished Creatures
  2 bats (D:1)
  A goblin (D:1)
3 creatures vanquished.

Notes
Turn   | Place    | Note
-------+----------+-------------------------------------------
     0 | D:1      | Stomo444 the Vine Stalker Necromancer began the quest for
                  | the Orb.
     0 | D:1      | Reached XP level 1. HP: 9/9 MP: 4/4
   217 | D:1      | Slain by a quokka

Illustrated notes

Levels and vault maps discovered:
D:1:      minmay_arrival_radiant_lines, layout_loops_ring,
          hangedman_decor_lopped

Action                   || total
-------------------------++-------
Melee: Unarmed           ||    16
       Bite              ||     3
 Cast: Pain              ||     3
Armor: Robe              ||     4
Dodge: Dodged            ||    20
